Map: Triton LE

Players

CammyGreen

  • Race: Protoss Protoss
  • League: Master
  • Spawn Location: 11:00

ViBE - Winner!

  • Race: Terran Terran
  • League: Master
  • Spawn Location: 5:00

VOD

Have the link to the VOD?

Description

Time

  • Played on: Dec. 26, 2019, 10:58 p.m.
  • Length: 16:43
Show
View Real Time Build Order
Export as new Build Order

CammyGreen Protoss 

Build Orders: 1 Gate Expand, Colossus Rush 

Get SALT Encoding   

  12  0:00  Probe  
  13  0:12  Probe  
  14  0:17  Pylon  
  14  0:25  Probe (Chrono Boost)  
  15  0:37  Probe (Chrono Boost)  
  15  0:41  Gateway  
  16  0:45  Probe (Chrono Boost)  
  16  0:46  Assimilator  
  17  0:51  Probe  
  18  1:03  Probe  
  19  1:15  Probe  
  20  1:29  Cybernetics Core  
  20  1:35  Nexus  
  20  1:38  Probe  
  21  1:47  Pylon  
  21  1:50  Probe  
  21  1:53  Assimilator  
  22  2:02  Probe  
  22  2:04  Adept (Chrono Boost)  
  25  2:12  Warp Gate  
  25  2:14  Probe  
  26  2:24  Stalker (Chrono Boost)  
  26  2:26  Probe  
  29  2:39  Probe (Chrono Boost)  
  29  2:42  Robotics Facility  
  30  2:48  Probe (Chrono Boost)  
  30  2:51  Adept  
  34  2:57  Probe (Chrono Boost)  
  34  2:58  Probe (Chrono Boost)  
  35  3:00  Pylon  
  35  3:03  Probe x2 (Chrono Boost)  
  37  3:15  Probe x2  
  39  3:26  Gateway  
  39  3:27  Probe x2  
  40  3:28  Gateway  
  40  3:31  Observer (Chrono Boost)  
  40  3:37  Sentry  
  40  3:39  Probe x2  
  44  3:43  Forge  
  44  3:45  Observer (Chrono Boost)  
  45  3:51  Probe x2, Pylon  
  45  3:53  Robotics Bay  
  47  4:03  Probe x2  
  47  4:07  Assimilator  
  47  4:09  Assimilator  
  49  4:12  Pylon  
  49  4:13  Protoss Ground Weapons Level 1 (Chrono Boost), Shield Battery  
  49  4:15  Probe x2  
  51  4:25  Immortal (Chrono Boost)  
  51  4:27  Probe x2  
  57  4:40  Pylon  
  57  4:52  Stalker x3  
  61  4:55  Nexus  
  61  4:57  Pylon  
  63  5:07  Colossus (Chrono Boost)  
  69  5:18  Stalker x2  
  69  5:20  Stalker  
  75  5:24  Shield Battery  
  75  5:26  Shield Battery  
  75  5:30  Probe x2  
  77  5:42  Sentry  
  77  5:43  Zealot x2  
  83  5:50  Pylon  
  83  5:53  Nexus  
  83  5:54  Pylon  
  81  6:01  Extended Thermal Lance  
  81  6:02  Pylon  
  81  6:10  Probe x2, Pylon  
  81  6:11  Colossus (Chrono Boost)  
  83  6:15  Twilight Council  
  89  6:18  Sentry  
  89  6:19  Zealot  
  89  6:25  Zealot  
  95  6:26  Probe, Shield Battery  
  95  6:27  Probe  
  95  6:31  Protoss Ground Armor Level 1  
  97  6:39  Probe x2, Observer  
  99  6:50  Pylon  
  99  6:51  Probe x2, Charge (Chrono Boost)  
  101  6:54  Gateway x2  
  101  6:55  Observer (Chrono Boost)  
  101  6:56  Gateway  
  101  7:01  Observer  
  102  7:03  Observer  
  102  7:05  Probe (Chrono Boost)  
  103  7:10  Probe (Chrono Boost), Pylon, Templar Archives  
  103  7:14  Forge  
  103  7:15  Probe (Chrono Boost)  
  106  7:17  Observer (Chrono Boost)  
  106  7:20  Probe (Chrono Boost)  
  107  7:32  Probe x3  
  107  7:33  Assimilator  
  107  7:35  Assimilator, Colossus (Chrono Boost)  
  107  7:36  Psionic Storm  
  116  7:44  Probe x3  
  119  7:59  Zealot x2  
  119  8:00  Zealot x4  
  131  8:05  Photon Cannon  
  131  8:07  Photon Cannon  
  131  8:08  Pylon  
  131  8:10  Photon Cannon  
  131  8:22  Observer  
  131  8:23  High Templar  
  134  8:29  High Templar  
  134  8:30  Pylon, Nexus  
  136  8:37  Observer  
  136  8:39  Photon Cannon  
  136  8:40  Photon Cannon  
  136  8:41  Pylon  
  136  8:44  Assimilator, Observer  
  136  8:46  Pylon  
  135  8:50  High Templar x2, Assimilator  
  135  8:52  Pylon, Stalker x2  
  143  9:01  Zealot  
  145  9:05  Gateway  
  145  9:07  Gateway  
  141  9:11  Gateway  
  141  9:12  Gateway  
  141  9:16  High Templar x2  
  111  9:44  Archon  
  111  9:45  Archon, Zealot x3  
  117  9:46  Zealot  
  106  9:56  Colossus  
  108  10:04  High Templar x3  
  114  10:16  Blink (Chrono Boost)  
  114  10:20  Zealot x7  
  128  10:24  Protoss Ground Weapons Level 2 (Chrono Boost), Protoss Ground Armor Level 2 (Chrono Boost)  
  128  10:37  High Templar x2  
  132  10:45  Photon Cannon  
  132  10:46  Photon Cannon  
  132  10:48  Photon Cannon  
  132  10:49  Photon Cannon  
  132  10:50  High Templar, Zealot x2  
  132  10:51  Zealot x5  
  132  10:52  Photon Cannon  
  132  10:56  Photon Cannon, Observer (Chrono Boost)  
  149  11:01  Photon Cannon  
  149  11:09  Warp Prism (Chrono Boost)  
  149  11:20  Nexus  
  149  11:23  Pylon  
  149  11:26  Assimilator  
  149  11:27  High Templar x3  
  149  11:28  Assimilator, Stalker x5  
  149  11:31  Zealot  
  167  11:45  Colossus (Chrono Boost)  
  173  12:00  High Templar x2  
  173  12:01  Zealot x7  
  143  12:23  Archon  
  143  12:27  High Templar  
  143  12:28  High Templar x3, Zealot x2  
  143  12:29  Zealot x2  
  118  12:37  Protoss Ground Weapons Level 3 (Chrono Boost), Colossus  
  118  12:38  Protoss Ground Armor Level 3 (Chrono Boost)  
  122  12:45  Stalker  
  122  12:46  Stalker  
  124  12:52  Stalker x2  
  124  12:53  Stalker x2  
  132  13:02  Probe x3  
  135  13:11  High Templar  
  135  13:12  High Templar  
  139  13:14  Stalker x2  
  139  13:15  Stalker x2  
  139  13:18  Zealot  
  149  13:28  Photon Cannon  
  149  13:31  Photon Cannon  
  149  13:43  High Templar x2  
  149  13:44  High Templar x2, Zealot x3  
  149  13:45  Zealot  
  163  13:50  Archon x2  
  163  13:54  Stargate  
  163  14:06  Stalker x5  
  163  14:08  Colossus (Chrono Boost)  
  176  14:26  High Templar x2  
  176  14:27  High Templar x2  
  136  14:42  Archon  
  136  14:43  Archon  
  124  14:45  Stalker  
  124  14:46  Stalker x5  
  136  14:55  Stargate  
  92  15:31  High Templar x3  
  92  15:32  High Templar x3  
  92  15:33  Zealot x4  
  92  15:34  Colossus (Chrono Boost)  
  114  15:39  Archon  
  114  15:40  Archon  
  114  15:43  Fleet Beacon  
  114  15:53  High Templar  
  114  15:54  High Templar, Zealot x2  
  122  16:00  Archon x2  
  122  16:06  High Templar  
  124  16:13  Zealot x5  
  134  16:26  Zealot  
  134  16:27  Zealot x3  
Show
View Real Time Build Order
Export as new Build Order

ViBE Terran - Winner!

Build Orders: Reaper Expand 

Get SALT Encoding   

  12  0:00  SCV  
  13  0:12  SCV  
  14  0:17  Supply Depot  
  14  0:25  SCV  
  15  0:38  SCV  
  15  0:41  Barracks  
  16  0:46  Refinery  
  16  0:50  SCV  
  17  1:02  SCV  
  18  1:15  SCV  
  19  1:27  Orbital Command  
  19  1:30  Reaper  
  20  1:42  Command Center  
  20  1:55  Supply Depot  
  20  2:02  Marine  
  20  2:07  SCV  
  22  2:17  Barracks  
  22  2:20  SCV, Barracks Reactor  
  23  2:32  SCV  
  24  2:42  Factory  
  24  2:44  SCV  
  25  2:47  Refinery  
  25  2:49  Supply Depot  
  25  2:56  SCV  
  26  2:58  Orbital Command  
  26  3:01  Marine x2  
  26  3:04  Barracks Tech Lab  
  28  3:19  Marine x2, SCV  
  31  3:24  SCV  
  32  3:32  SCV  
  32  3:33  Marauder  
  35  3:36  SCV  
  35  3:37  Starport  
  36  3:44  SCV  
  36  3:45  Stimpack  
  36  3:48  SCV  
  38  3:51  Marine  
  38  3:52  Marine  
  38  3:54  Marauder  
  42  3:56  SCV  
  42  3:59  Factory Reactor  
  42  4:00  SCV  
  44  4:08  SCV  
  45  4:11  Marine  
  45  4:12  SCV, Marine  
  45  4:16  Medivac, Marauder  
  52  4:20  SCV, Supply Depot  
  52  4:23  Supply Depot  
  53  4:24  SCV  
  53  4:26  Supply Depot  
  54  4:38  Command Center  
  54  4:41  SCV  
  55  4:49  Marine x2, Marauder  
  55  4:50  SCV  
  60  4:53  SCV  
  60  4:55  Refinery  
  60  4:57  Refinery  
  61  5:05  Medivac  
  61  5:06  Medivac  
  65  5:07  SCV x2  
  65  5:13  Engineering Bay x2  
  67  5:19  SCV, Marine, Marauder  
  67  5:20  SCV  
  67  5:21  Marine  
  73  5:25  Combat Shield  
  73  5:31  SCV  
  73  5:32  SCV  
  75  5:45  Marine  
  75  5:46  Marauder  
  75  5:49  Marine  
  77  5:58  Medivac x2  
  81  6:06  SCV x2, Barracks  
  81  6:07  Barracks x3  
  83  6:15  Terran Infantry Weapons Level 1, Terran Infantry Armor Level 1  
  84  6:18  SCV x2  
  84  6:23  Supply Depot  
  84  6:24  Supply Depot x2  
  85  6:30  SCV x2  
  85  6:31  Marine x2, Marauder  
  91  6:41  Sensor Tower  
  91  6:42  SCV x2, Orbital Command  
  93  6:52  Armory  
  93  6:54  SCV  
  93  6:55  SCV  
  93  6:57  Barracks Reactor, Barracks Tech Lab x2  
  93  6:58  Barracks Reactor  
  95  7:06  Marine, SCV  
  95  7:07  Marine, SCV, Marauder  
  101  7:13  Command Center  
  101  7:16  Marauder  
  101  7:17  Marauder  
  101  7:19  SCV x2  
  107  7:26  Marine x2  
  107  7:28  SCV, Marauder  
  112  7:31  SCV x2  
  112  7:33  Refinery  
  112  7:34  Supply Depot, Refinery  
  114  7:37  Supply Depot  
  114  7:38  Marauder  
  116  7:45  Marine  
  116  7:51  Supply Depot x2  
  117  7:52  Supply Depot  
  117  7:55  Marine x6  
  117  7:56  Marauder  
  125  7:58  Medivac x2  
  125  7:59  Marauder  
  125  8:00  SCV x2  
  133  8:10  Supply Depot  
  133  8:13  Supply Depot, Terran Infantry Weapons Level 2, Terran Infantry Armor Level 2  
  132  8:23  Marine x2, Marauder x3  
  132  8:24  Marine x4  
  144  8:27  Terran Ship Weapons Level 1  
  144  8:33  Supply Depot  
  144  8:41  Command Center  
  144  8:47  Marine x5, Marauder x3  
  144  8:48  Marine  
  155  8:53  Planetary Fortress  
  155  8:54  SCV x2  
  158  8:55  SCV  
  159  9:08  Marauder  
  160  9:21  Marine x6, Medivac, Marauder x2  
  160  9:22  Medivac  
  164  9:30  Marauder  
  151  9:38  Marine  
  151  9:42  Marauder  
  152  9:47  Marine, Marauder  
  152  9:48  Marine x4  
  152  9:50  SCV x4  
  152  9:51  Marauder  
  163  9:56  Marine  
  160  10:02  SCV x4  
  160  10:04  Marauder  
  160  10:05  Marine  
  168  10:09  Marauder  
  168  10:11  Liberator x2  
  168  10:13  Marauder, Command Center  
  149  10:14  SCV  
  148  10:23  Barracks  
  148  10:24  Barracks x3  
  148  10:25  Marauder  
  150  10:30  Marauder, Fusion Core  
  158  10:36  Terran Infantry Weapons Level 3  
  158  10:38  Terran Infantry Armor Level 3  
  158  10:42  SCV x4  
  162  10:49  Refinery x2  
  162  10:51  Terran Ship Weapons Level 2  
  162  11:00  SCV  
  162  11:01  SCV x3  
  162  11:02  Liberator  
  162  11:03  Marauder, Liberator  
  162  11:04  Marine, Marauder x2  
  173  11:08  Planetary Fortress  
  173  11:18  Barracks Reactor x2, Barracks Tech Lab x2  
  173  11:21  Advanced Ballistics  
  173  11:25  Marauder  
  180  11:35  Planetary Fortress  
  179  11:44  Starport  
  179  11:45  Liberator x2  
  179  11:50  Marine, Marauder  
  179  11:51  Marine x6, Marauder x3  
  197  12:08  Marine x3  
  186  12:21  Marauder x2  
  164  12:25  Marine  
  164  12:26  Marine x7, Marauder x3  
  165  12:42  Marauder  
  165  12:43  Marauder  
  169  12:47  Marauder  
  169  12:48  Medivac x2  
  152  12:54  Starport Reactor  
  152  13:02  Starport, Barracks x3  
  152  13:05  Marine, Barracks, Marauder  
  158  13:06  Marine x9, Marauder x3  
  158  13:08  Marauder  
  172  13:13  Barracks  
  172  13:18  Medivac  
  174  13:23  Marine x4  
  174  13:25  Command Center  
  184  13:27  Sensor Tower, Marauder x4  
  184  13:29  Sensor Tower  
  184  13:32  SCV x3  
  184  13:34  Marine x6, Marauder  
  192  13:35  Sensor Tower  
  192  13:41  Marine x3  
  200  13:50  Starport Reactor  
  199  14:10  SCV  
  199  14:14  Barracks Reactor x3  
  199  14:15  Barracks Tech Lab x2  
  200  14:29  Liberator x3  
  200  14:30  Liberator  
  169  14:41  Marine x6, Marauder x7  
  169  14:42  Marine x3  
  175  14:46  Medivac x2  
  191  14:59  Liberator  
  191  15:03  Marauder x4  
  182  15:15  Marine x15, Marauder x3  
  182  15:16  Marine  
  182  15:24  Marauder x4  
  175  15:31  Medivac x5  
  175  15:33  Marine x9  
  175  15:34  Marine x5  
  195  15:35  Planetary Fortress  
  195  15:36  Marauder  
  197  15:53  Marine, Marauder  
  200  15:58  Sensor Tower  
  200  16:11  Missile Turret  
Tags
 
Add a new tag
Caveats
  • Supply blocks, unpowered buildings, or Contaminate may cause inaccurate times.
  • Supply counts are checked every 10 seconds.